Map: Canyon of Tribulation

Players

Illu

  • Race: Zerg Zerg
  • League: Platinum
  • Spawn Location: 6:00

Kokus

  • Race: Terran Terran
  • League: Bronze
  • Spawn Location: 6:00

Schmusenuss

  • Race: Protoss Protoss
  • Spawn Location: 7:00

Yor

  • Race: Terran Terran
  • Spawn Location: 12:00

flintovich

  • Race: Terran Terran
  • Spawn Location: 3:00

Mefisto

  • Race: Protoss Protoss
  • Spawn Location: 12:00

VOD

Have the link to the VOD?

Description

Time

  • Played on: April 5, 2023, 4:31 p.m.
  • Length: 14:42
Show
View Real Time Build Order
Export as new Build Order

Illu Zerg 

Build Orders: Pool First 

Get SALT Encoding   

  12  0:01  Drone  
  13  0:12  Overlord  
  13  0:18  Drone  
  14  0:31  Drone x2  
  14  0:34  Drone  
  17  0:48  Spawning Pool  
  16  0:57  Drone x2  
  16  0:58  Extractor  
  17  1:07  Drone  
  18  1:23  Hatchery  
  17  1:32  Drone  
  18  1:35  Queen  
  20  1:42  Overlord  
  20  1:49  Drone  
  20  1:52  Drone  
  22  1:59  Metabolic Boost  
  22  2:11  Queen  
  24  2:18  Baneling Nest  
  23  2:41  Zergling x4  
  23  2:42  Zergling x4  
  27  2:54  Zergling x4  
  29  3:02  Zergling x8  
  33  3:10  Zergling x4  
  35  3:27  Baneling x3  
  35  3:28  Baneling x4  
  28  4:03  Zergling x6  
  28  4:04  Zergling x10  
  33  4:39  Zergling x8  
  20  4:54  Zergling x4  
  20  4:55  Zergling x12  
  26  5:11  Lair  
  23  5:39  Zergling x8  
  23  5:40  Zergling x14  
  20  6:31  Drone x3  
  21  6:36  Drone x3  
  15  7:01  Spore Crawler  
  14  7:25  Drone  
  14  7:26  Drone x5  
  20  7:32  Hydralisk Den  
  19  8:00  Spore Crawler  
  18  8:06  Spore Crawler  
  14  8:28  Spore Crawler  
  14  8:31  Hydralisk x3  
  19  8:43  Drone x3  
  22  9:17  Hydralisk x2  
  14  13:01  Extractor  
  14  13:02  Hatchery  
  12  13:08  Drone x7  
  12  13:09  Drone x7  
  12  13:10  Drone x5  
  12  13:11  Drone x3  
  34  13:21  Extractor  
  33  13:38  Extractor x2  
  33  13:40  Drone  
  33  13:41  Drone x2  
  34  13:43  Drone x2  
  34  13:44  Overlord  
  36  14:02  Queen  
  36  14:06  Overlord x3  
Show
View Real Time Build Order
Export as new Build Order

Kokus Terran 

Build Orders:  

Get SALT Encoding   

  12  0:00  SCV  
  13  0:17  SCV  
  14  0:36  Supply Depot  
  14  0:42  SCV, Supply Depot  
  15  0:58  SCV  
  15  1:00  Barracks  
  15  1:01  Refinery  
  16  1:10  Barracks  
  16  1:25  SCV  
  17  1:50  Barracks  
  17  1:51  Barracks Reactor  
  17  2:02  Barracks Reactor  
  17  2:27  Marine x2  
  19  2:37  Marine  
  19  2:38  Marine  
  19  2:39  Marine  
  22  2:45  Marine x2  
  24  2:55  Marine x2  
  24  2:57  Marine  
  27  3:03  Marine x2  
  29  3:13  Marine x2  
  31  4:15  Marine x4  
  31  4:17  Marine  
  22  4:33  Marine x4  
  22  4:35  Marine  
  27  4:50  Marine x4  
  31  5:21  Marine  
  31  5:37  Marine  
  31  6:36  Marine  
  31  6:37  Marine  
  31  6:38  Marine x2  
  31  6:39  Marine  
  29  6:54  Marine x2  
  31  7:01  Supply Depot  
  31  7:02  Supply Depot  
  31  7:21  Marine  
  31  7:22  Marine x4  
  31  7:23  SCV  
  34  7:35  SCV  
  28  7:39  Marine  
  28  7:40  Marine x4  
  30  7:57  Marine  
  30  7:58  Marine x3  
  32  8:15  Marine  
  31  8:21  SCV  
  31  8:32  Marine  
  31  8:33  SCV  
  32  8:45  SCV  
  26  10:51  Barracks Reactor  
  26  11:34  Barracks Reactor  
Show
View Real Time Build Order
Export as new Build Order

Schmusenuss Protoss 

Build Orders:  

Get SALT Encoding   

  12  0:06  Probe  
  13  0:28  Probe  
  14  0:41  Probe  
  15  0:54  Pylon  
  15  0:57  Pylon  
  15  1:12  Probe  
  15  1:14  Gateway  
  15  1:17  Forge  
  16  1:24  Probe  
  17  1:26  Pylon  
  17  1:30  Assimilator  
  17  1:35  Assimilator  
  17  1:36  Probe  
  18  1:48  Probe (Chrono Boost)  
  19  2:00  Probe (Chrono Boost)  
  21  2:09  Probe (Chrono Boost)  
  21  2:11  Zealot (Chrono Boost)  
  21  2:14  Probe  
  23  2:22  Gateway  
  24  2:26  Probe  
  24  2:29  Zealot  
  27  2:42  Protoss Shields Level 1, Gateway  
  27  2:57  Zealot  
  29  3:01  Cybernetics Core  
  29  3:10  Zealot  
  31  3:24  Zealot  
  33  3:29  Zealot  
  35  3:37  Zealot  
  37  4:03  Zealot  
  39  4:13  Pylon  
  39  4:17  Zealot  
  39  4:18  Zealot  
  28  4:30  Zealot  
  24  4:45  Zealot  
  28  4:56  Stalker  
  28  4:57  Stalker  
  24  6:57  Probe  
  21  7:10  Probe  
  18  7:22  Probe  
  11  7:34  Probe  
  6  7:46  Probe  
  7  8:07  Probe (Chrono Boost)  
  8  8:17  Probe (Chrono Boost)  
  9  8:56  Probe  
  9  8:57  Stalker  
  12  9:08  Probe  
  13  9:12  Twilight Council  
  13  9:20  Probe  
  14  9:32  Probe  
  15  9:44  Probe  
  16  9:56  Probe  
  17  10:16  Probe  
  18  10:23  Protoss Air Weapons Level 1  
  18  10:28  Dark Shrine, Probe  
  19  10:30  Stargate  
  19  10:37  Robotics Facility  
  19  10:40  Probe  
  20  10:52  Probe  
  22  11:19  Void Ray (Chrono Boost)  
  22  11:31  Photon Cannon  
  22  11:33  Photon Cannon  
  23  12:12  Probe  
  23  12:14  Void Ray  
  24  12:24  Probe  
  25  12:36  Probe  
  26  12:44  Pylon  
  26  12:47  Pylon  
  26  12:50  Pylon  
  26  12:54  Photon Cannon  
  26  12:56  Probe  
  26  12:57  Photon Cannon  
  27  13:02  Photon Cannon  
  27  13:11  Photon Cannon  
  27  13:19  Photon Cannon  
  27  13:22  Photon Cannon  
  27  13:25  Photon Cannon  
  27  13:28  Photon Cannon  
  27  14:09  Nexus  
Show
View Real Time Build Order
Export as new Build Order

Yor Terran 

Build Orders: 2 Factory 

Get SALT Encoding   

  12  0:04  SCV  
  13  0:16  SCV  
  13  0:19  Supply Depot  
  14  0:28  SCV  
  15  0:40  SCV  
  16  0:44  Barracks  
  16  0:49  Refinery  
  16  0:53  SCV  
  17  1:05  SCV  
  18  1:19  Refinery, SCV  
  19  1:31  SCV  
  20  1:39  Supply Depot  
  20  1:43  Marine  
  20  1:45  SCV  
  22  1:51  Factory  
  22  1:57  SCV  
  22  2:00  Marine  
  24  2:01  Supply Depot  
  24  2:09  SCV  
  25  2:18  Marine  
  26  2:23  SCV  
  26  2:27  Supply Depot  
  27  2:36  Factory Tech Lab, Factory, Marine  
  28  2:43  Orbital Command  
  28  2:56  Siege Tank  
  31  3:28  Factory Tech Lab  
  31  3:29  Siege Tank  
  34  3:36  Command Center  
  34  3:53  Marine  
  28  4:11  Marine  
  29  4:29  Marine  
  22  4:47  Marine  
  16  4:55  Siege Tank  
  17  5:04  Marine  
  17  5:27  Siege Tank  
    7:28  Orbital Command  
    8:02  SCV  
  1  8:14  SCV  
  2  8:26  SCV  
  3  8:30  SCV  
  4  8:38  SCV  
  5  8:42  SCV  
  6  8:50  SCV  
  6  8:54  SCV  
  8  9:00  Factory Tech Lab, Barracks  
  8  9:03  SCV  
  8  9:07  SCV  
  10  9:15  SCV  
  11  9:19  Siege Tank, SCV  
  15  9:27  SCV  
  15  9:31  SCV  
  17  9:39  SCV  
  17  9:43  SCV  
  19  9:51  Refinery, SCV, Siege Tank  
  23  9:55  SCV  
  24  10:03  SCV  
  24  10:06  Marine  
  26  10:07  SCV  
  27  10:15  SCV  
  27  10:19  SCV, Supply Depot x2  
  29  10:23  Siege Tank, Marine  
  29  10:27  SCV  
  34  10:35  Supply Depot  
  34  10:37  Supply Depot  
  34  10:41  Marine  
  35  10:47  SCV  
  36  10:56  Refinery  
  36  10:59  SCV, Marine  
  38  11:07  Bunker  
  38  11:12  SCV  
  39  11:22  SCV  
  39  11:24  SCV  
  41  11:28  Siege Tank  
  44  11:34  SCV  
  44  11:36  SCV  
  46  11:46  SCV  
  47  11:48  SCV  
  48  11:58  SCV  
  48  12:00  Siege Tank, SCV  
  53  12:10  SCV  
  53  12:12  SCV  
  55  12:20  Starport  
  55  12:22  SCV  
  55  12:24  SCV  
  57  12:30  Command Center  
  57  12:35  SCV  
  57  12:36  SCV  
  59  12:47  SCV  
  59  12:48  SCV  
  61  12:59  SCV  
  61  13:00  SCV  
  63  13:11  SCV  
  64  13:13  SCV  
  64  13:19  Engineering Bay  
  65  13:23  SCV  
  65  13:25  SCV  
  67  13:34  Starport Tech Lab  
  67  13:35  SCV  
  67  13:37  SCV, Fusion Core  
  69  13:47  SCV x2  
  71  13:49  SCV  
  72  13:56  Starport  
  72  13:59  SCV x2  
  72  14:01  SCV  
  75  14:11  SCV x2  
  75  14:13  SCV  
  78  14:23  Missile Turret, SCV x2  
  80  14:25  SCV  
  87  14:36  Missile Turret  
Show
View Real Time Build Order
Export as new Build Order

flintovich Terran 

Build Orders:  

Get SALT Encoding   

  12  0:01  SCV  
  13  0:13  SCV  
  14  0:19  Supply Depot  
  14  0:31  SCV  
  15  0:43  Barracks  
  15  0:50  Refinery  
  15  0:52  Refinery  
  15  0:53  SCV  
  16  1:06  SCV  
  17  1:20  SCV  
  18  1:32  Supply Depot  
  18  1:38  Reaper  
  19  1:41  SCV  
  20  1:51  Refinery  
  20  1:57  Factory  
  20  1:59  Supply Depot  
  20  2:08  Orbital Command  
  20  2:14  Barracks Tech Lab  
  20  2:44  Starport  
  20  2:53  Starport  
  20  3:09  SCV  
  21  3:15  Factory Tech Lab  
  21  3:34  Fusion Core  
  21  3:45  Factory Tech Lab  
  1  4:37  Orbital Command  
    5:28  Starport Tech Lab  
    5:39  Orbital Command  
    6:07  Battlecruiser  
Show
View Real Time Build Order
Export as new Build Order

Mefisto Protoss 

Build Orders: Oracle Opening, Carriers 

Get SALT Encoding   

  12  0:01  Probe  
  13  0:13  Probe  
  14  0:25  Probe  
  14  0:28  Pylon  
  15  0:46  Gateway  
  15  0:51  Assimilator  
  15  1:01  Probe (Chrono Boost)  
  15  1:03  Assimilator  
  17  1:12  Probe (Chrono Boost)  
  17  1:17  Probe (Chrono Boost)  
  18  1:27  Probe (Chrono Boost)  
  19  1:37  Cybernetics Core  
  19  1:39  Probe (Chrono Boost)  
  20  1:40  Pylon  
  20  1:44  Probe (Chrono Boost)  
  21  1:54  Probe  
  22  2:14  Stargate  
  22  2:24  Nexus  
  22  2:27  Assimilator  
  22  2:31  Assimilator  
  22  2:34  Probe  
  23  2:50  Probe  
  24  2:55  Oracle (Chrono Boost)  
  27  3:04  Pylon  
  27  3:05  Probe  
  28  3:19  Probe  
  29  3:22  Oracle (Chrono Boost)  
  29  3:23  Pylon  
  32  3:31  Shield Battery  
  32  3:35  Shield Battery  
  32  3:36  Probe (Chrono Boost)  
  32  3:39  Probe (Chrono Boost)  
  35  3:48  Probe (Chrono Boost)  
  35  3:54  Probe (Chrono Boost)  
  36  3:56  Probe (Chrono Boost)  
  36  4:00  Shield Battery  
  36  4:01  Probe  
  42  4:14  Void Ray  
  46  4:54  Void Ray (Chrono Boost)  
  46  5:08  Probe (Chrono Boost)  
  46  5:09  Forge  
  46  5:12  Probe (Chrono Boost)  
  46  5:13  Pylon  
  48  5:19  Probe (Chrono Boost)  
  50  5:22  Stargate  
  50  5:23  Probe (Chrono Boost)  
  50  5:24  Probe (Chrono Boost)  
  55  5:30  Void Ray (Chrono Boost)  
  55  5:32  Probe  
  55  5:34  Probe  
  53  5:44  Probe  
  53  5:46  Probe  
  55  5:56  Probe  
  54  6:08  Void Ray (Chrono Boost)  
  52  6:56  Pylon  
  52  7:05  Pylon  
  52  7:06  Pylon  
  52  7:08  Pylon  
  43  7:24  Probe x2  
  43  7:29  Pylon  
  41  7:31  Pylon  
  41  7:36  Probe x2  
  43  7:40  Gateway  
  43  7:48  Probe x2  
  45  8:00  Probe x2  
  45  8:12  Probe  
  45  8:13  Probe  
  43  8:33  Probe (Chrono Boost)  
  53  8:34  Probe (Chrono Boost)  
  53  8:36  Void Ray x2 (Chrono Boost)  
  53  8:43  Probe x2 (Chrono Boost)  
  55  8:48  Probe x2 (Chrono Boost)  
  57  8:59  Probe  
  57  9:00  Probe  
  59  9:12  Probe x2  
  59  9:15  Cybernetics Core  
  69  9:24  Void Ray x2 (Chrono Boost)  
  69  9:32  Fleet Beacon  
  69  9:47  Pylon  
  69  9:50  Pylon  
  69  9:53  Cybernetics Core  
  69  10:02  Nexus  
  69  10:04  Pylon  
  77  10:08  Assimilator  
  77  10:09  Void Ray (Chrono Boost)  
  77  10:12  Assimilator  
  77  10:14  Probe  
  77  10:17  Void Ray (Chrono Boost)  
  78  10:28  Stargate  
  78  10:31  Stargate  
  78  10:36  Carrier (Chrono Boost)  
  78  10:37  Shield Battery  
  78  10:40  Shield Battery  
  90  10:56  Carrier (Chrono Boost)  
  90  11:03  Probe x2  
  92  11:08  Protoss Air Weapons Level 1 (Chrono Boost)  
  92  11:13  Carrier  
  92  11:15  Probe x2  
  100  11:21  Carrier  
  106  11:29  Probe x2 (Chrono Boost)  
  106  11:32  Probe (Chrono Boost)  
  111  11:43  Probe (Chrono Boost)  
  111  11:44  Probe x2 (Chrono Boost)  
  112  11:48  Probe (Chrono Boost)  
  112  11:51  Probe x2, Carrier  
  121  11:58  Probe  
  122  12:03  Probe  
  122  12:04  Probe  
  124  12:12  Probe  
  125  12:15  Probe  
  138  12:24  Carrier (Chrono Boost)  
  138  12:25  Carrier (Chrono Boost)  
  138  12:26  Pylon  
  138  12:31  Pylon  
  138  12:33  Pylon  
  138  12:55  Carrier (Chrono Boost)  
  150  12:59  Carrier (Chrono Boost)  
  150  13:10  Pylon  
  150  13:12  Pylon  
  150  13:21  Carrier  
  162  13:34  Carrier  
  168  14:17  Nexus  
  168  14:20  Assimilator  
  168  14:24  Assimilator  
  168  14:28  Pylon  
  168  14:32  Pylon  
Tags
 
Add a new tag
Caveats
  • Supply blocks, unpowered buildings, or Contaminate may cause inaccurate times.
  • Supply counts are checked every 10 seconds.